 Dungeon Crawl Stone Soup version 0.17-a0-2027-gcac42c4 (webtiles) character file.

578 kae the Firebug (level 7, -3/41 HPs)
             Began as an Octopode Fire Elementalist on Oct 10, 2015.
             Killed by divine providence
             ... invoked by an orc priest
              (11 damage)
             ... on level 5 of the Dungeon.
             The game lasted 00:06:43 (5034 turns).

kae the Firebug (Octopode Fire Elementalist)        Turns: 5034, Time: 00:06:44

Health: -3/41      AC:  1    Str:  7    XL:     7   Next: 36%
Magic:  0/10       EV: 12    Int: 20    God:
Gold:   100        SH:  0    Dex: 12    Spells: 3 memorised, 4 levels left

rFire  + . .     SeeInvis .     l - +0 spear
rCold  x . .     Clarity  .     (no shield)
rNeg   . . .     SustAt   .     (helmet restricted)
rPois  .         Gourm    .     (no amulet)
rElec  .         Spirit   .     i - ring of fire
rCorr  .         Warding  .     (no ring)
rMut   .         Stasis   .     (no ring)
MR     .....                    (no ring)
Stlth  +++.......               (no ring)
                                (no ring)
                                (no ring)
                                (no ring)

@: very slightly contaminated, not resistant to hostile enchantments, fairly
stealthy
A: almost no armour, amphibious, 8 rings, constrict 8, camouflage 1, gelatinous
body 1
a: no special abilities


You were on level 5 of the Dungeon.
You were not hungry.

You visited 2 branches of the dungeon, and saw 6 of its levels.

You collected 100 gold pieces.

Inventory:

Hand Weapons
 l - a +0 spear (weapon)
Jewellery
 i - a ring of fire (left tentacle)
 q - a cursed ring of loudness {unknown}
Wands
 m - a wand of slowing (27)
Scrolls
 c - 5 scrolls of remove curse
 o - a scroll of enchant weapon
 p - 2 scrolls of magic mapping {unknown}
Potions
 e - 2 potions of invisibility
 f - 2 potions of curing
 h - a potion of heal wounds
 k - a potion of poison
 n - 2 potions of flight
Books
 a - a book of Flames

   Spells                             Type                      Level
   a - Flame Tongue                   Conjuration/Fire             1
   b - Throw Flame                    Conjuration/Fire             2
   c - Conjure Flame                  Conjuration/Fire             3
   d - Inner Flame                    Hexes/Fire                   3
   e - Sticky Flame                   Conjuration/Fire             4
   f - Fireball                       Conjuration/Fire             5
 r - a book of Debilitation

   Spells                             Type                      Level
   a - Corona                         Hexes                        1
   b - Slow                           Hexes                        2
   c - Gell's Gravitas                Hexes/Translocation          3
   d - Inner Flame                    Hexes/Fire                   3
   e - Cause Fear                     Hexes                        4
   f - Leda's Liquefaction            Hexes/Earth                  4
Comestibles
 b - 6 bread rations
 d - 2 meat rations
 g - 5 fruits
 j - a slice of pizza
 s - a chunk of flesh


   Skills:
 - Level 2.0 Dodging
 - Level 2.6 Stealth
 - Level 2.0 Spellcasting
 + Level 4.1 Conjurations
 - Level 7.1 Fire Magic


You had 4 spell levels left.
You knew the following spells:

 Your Spells              Type           Power        Failure   Level  Hunger
a - Flame Tongue          Conj/Fire      #####        1%          1    #......
b - Throw Flame           Conj/Fire      #####.       2%          2    ##.....
c - Conjure Flame         Conj/Fire      #####...     6%          3    ###....


Dungeon Overview and Level Annotations

Branches:
Dungeon (5/15)             Temple (1/1) D:4

Altars:
Ashenzari
Cheibriados
Dithmenos
Fedhas
Gozag
Okawaru
Qazlal
Ru
Trog


Innate Abilities, Weirdness & Mutations

You cannot wear most types of armour.
You are amphibious.
You can wear up to eight rings at the same time.
You can use your tentacles to constrict eight enemies at once.
Your skin changes colour to match your surroundings (Stealth).
Your rubbery body absorbs attacks (AC +1).


Message History

Press: ? - help, Shift-Dir - straight line, f/p - orc priest
Aim: an orc priest (lightly wounded)
You feel a surge of power!
You miscast Flame Tongue.
You are very lightly contaminated with residual magic.
Nothing appears to happen.
The orc wizard points at you and mumbles some strange words.
The magic dart hits you!
* * * LOW HITPOINT WARNING * * *
Casting: Flame Tongue
Confirm with . or Enter, or press ? or * to list all spells.
Aiming: Flame Tongue
Press: ? - help, Shift-Dir - straight line, f/p - orc priest
Aim: an orc priest (lightly wounded)
You feel a surge of power!
The flame tongue hits the orc wizard.
The orc wizard is moderately wounded.
The orc wizard hits you with a dagger.
* * * LOW HITPOINT WARNING * * *
The orc priest calls down the wrath of Beogh upon you.
Something smites you!
You die...

+....#.......#.........
#....#.......#........[
#†...+.......+.........
#....#.......#.....#+##
#....#.......#...).#..'
#(...#..##...#.....#..#
#....#..##...#.....#..#
+....'.......#.....'...
#....#@......#.....#+##
#...)#o###...#.........
#...).o. #...####'#....
#........#........#....
#).......#........+....
#o.......#...##...#....
#......#########..#....
'......# ##>## #..#....
#8...8 #..+....


You could see an orc priest and an orc wizard.

Vanquished Creatures
  A phantom (D:4)
  An ogre (D:5)
  A giant frog zombie (D:5)
  Crazy Yiuf (D:2)
  3 orc priests
  An orc wizard (D:2)
  A worker ant (D:4)
  Robin (D:4)
  6 adders
  3 worms
  An adder skeleton (D:5)
  7 giant geckos
  13 orcs
  10 bats
  3 giant cockroaches
  12 hobgoblins
  2 quokkas
  7 giant newts
  16 goblins
  4 jackals (D:5)
  5 kobolds
  10 rats
109 creatures vanquished.

Notes
Turn   | Place    | Note
--------------------------------------------------------------
     0 | D:1      | kae the Octopode Fire Elementalist began the quest for the Orb.
     0 | D:1      | Reached XP level 1. HP: 11/11 MP: 3/3
   220 | D:1      | Reached XP level 2. HP: 17/17 MP: 5/5
   745 | D:2      | Reached skill level 4 in Fire Magic
   745 | D:2      | Reached XP level 3. HP: 13/21 MP: 6/6
  1699 | D:2      | Found a sacrificial altar of Ru.
  1740 | D:2      | Reached skill level 5 in Fire Magic
  1740 | D:2      | Reached XP level 4. HP: 5/27 MP: 0/7
  2381 | D:2      | Noticed Crazy Yiuf
  2388 | D:2      | Killed Crazy Yiuf
  2388 | D:2      | Reached XP level 5. HP: 31/31 MP: 2/8
  2556 | D:3      | Found a stormy altar of Qazlal.
  2843 | D:3      | Learned a level 2 spell: Throw Flame
  2847 | D:3      | Learned a level 3 spell: Conjure Flame
  3031 | D:3      | Reached skill level 6 in Fire Magic
  3158 | D:3      | Found an iron altar of Okawaru.
  3293 | D:4      | Noticed a phantom
  3308 | D:4      | Killed a phantom
  3308 | D:4      | Reached XP level 6. HP: 23/36 MP: 0/9
  3411 | D:4      | Noticed Robin
  3583 | D:4      | Killed Robin
  3583 | D:4      | Reached skill level 7 in Fire Magic
  3711 | D:4      | Found a staircase to the Ecumenical Temple.
  3797 | Temple   | Entered the Ecumenical Temple
  4726 | D:5      | Entered Level 5 of the Dungeon
  4906 | D:5      | Reached XP level 7. HP: 41/41 MP: 3/10
  5034 | D:5      | Killed from afar by an orc priest

Vault maps used:
D:1:      eino_arrival_tree_alley, minmay_misc_feat_more_columns,
          roderic_cross_of_infinity
D:2:      nicolae_ru_great_annihilating_truth, kennysheep_generic_room_4,
          uniq_crazy_yiuf_cottage
D:3:      okawaru_trees_2, lemuel_doored_altar, first_bread
D:4:      minmay_temple_entry_junction, uniq_robin
D:5:      grunt_temple_overflow_magic_moments, nicolae_overflow_hidden_temple,
          minivault_1
Temple:   circular_temple_6

Action                   |  1- 3 |  4- 6 |  7- 9 || total
-------------------------+-------+-------+-------++-------
Melee: Unarmed           |    77 |    31 |       ||   108
       Spear             |       |    28 |    10 ||    38
 Cast: Flame Tongue      |    29 |    91 |     9 ||   129
       Throw Flame       |       |    12 |     2 ||    14
  Use: Scroll            |     2 |     7 |       ||     9
 Stab: Sleeping          |     6 |     7 |       ||    13
  Eat: Chunk             |     2 |    12 |     1 ||    15
